 Dungeon Crawl Stone Soup version 0.18-a0-1035-g72c9994 (webtiles) character file.

483 tof the Shield-Bearer (level 7, -2/60 HPs)
             Began as a Hill Orc Fighter on Jan 9, 2016.
             Was an Initiate of Beogh.
             Slain by a yak (5 damage)
             ... on level 5 of the Dungeon.
             The game lasted 00:08:00 (3678 turns).

tof the Shield-Bearer (Hill Orc Fighter)            Turns: 3678, Time: 00:08:01

Health: -2/60      AC:  7    Str: 19    XL:     7   Next: 12%
Magic:  7/7        EV:  8    Int:  8    God:    Beogh [......]
Gold:   206        SH: 10    Dex: 12    Spells: 0 memorised, 6 levels left

rFire  . . .     SeeInvis .     a - +0 flail
rCold  . . .     Gourm    .     s - +0 scale mail
rNeg   . . .     Faith    .     c - +0 shield
rPois  .         Spirit   .     (no helmet)
rElec  .         Dismiss  .     (no cloak)
rCorr  .         Reflect  .     (no gloves)
SustAt .         Harm     .     (no boots)
MR     .....                    (no amulet)
Stlth  ..........               (no ring)
                                r - ring of loudness (curse)

@: not resistant to hostile enchantments, extremely unstealthy
A: no striking features
a: Renounce Religion


You were on level 5 of the Dungeon.
You worshipped Beogh.
Beogh was noncommittal.
You were very hungry.

You visited 2 branches of the dungeon, and saw 7 of its levels.

You collected 206 gold pieces.

Inventory:

Hand Weapons
 a - a +0 flail (weapon)
 b - a +0 blowgun
Missiles
 t - 7 poisoned needles
Armour
 c - a +0 shield (worn)
 s - a +0 scale mail (worn)
Jewellery
 r - a cursed ring of loudness (left hand)
Wands
 q - a wand of random effects (32/48)
 y - a wand of teleportation (3/9)
Scrolls
 h - 5 scrolls of identify
 j - 2 scrolls of remove curse
 k - a scroll of enchant weapon {unknown}
 l - 3 scrolls of recharging {unknown}
 n - 2 scrolls of enchant armour {unknown}
 o - 2 scrolls of noise {unknown}
 p - 2 scrolls of immolation {unknown}
 u - a scroll of magic mapping {unknown}
 x - a scroll of teleportation {unknown}
 z - a scroll of amnesia {unknown}
Potions
 d - a potion of might
 e - 2 potions of ambrosia {unknown}
 g - a potion of brilliance {unknown}
 i - a potion of haste {unknown}
 m - a potion of curing {unknown}
 v - a potion of flight {unknown}
 w - 2 potions of degeneration {unknown}
Comestibles
 f - 5 bread rations


   Skills:
 + Level 4.5 Fighting
 + Level 3.7 Maces & Flails
 + Level 1.0 Throwing
 + Level 4.6 Armour
 + Level 2.2 Dodging
 + Level 5.6 Shields


You had 6 spell levels left.
You didn't know any spells.

Dungeon Overview and Level Annotations

Branches:
Dungeon (6/15)             Temple (1/1) D:5

Altars:
Dithmenos
Elyvilon
Fedhas
Gozag
Makhleb
Nemelex Xobeh
Qazlal
Sif Muna
Trog
Vehumet
Yredelemnul
Zin
The Shining One

Shops:
D:5 (

Annotations:
D:3 yogakurto's ghost, amateur MiAK
D:4 tof's ghost, novice OpAs


Message History

The yak gores you but does no damage.
You are too injured to fight recklessly!
Firing (i - inventory):
t - 9 poisoned needles (quivered)
Press: ? - help, Shift-Dir - straight line, f - yak
Aim: a yak (heavily wounded)
You shoot a poisoned needle. The poisoned needle hits the yak!
The yak is poisoned.
The yak is heavily wounded.
The yak barely misses you.
Firing (i - inventory):
t - 8 poisoned needles (quivered)
Press: ? - help, Shift-Dir - straight line, f/p - yak
Aim: a yak (severely wounded, poisoned)
You shoot a poisoned needle. The poisoned needle hits the yak!
The yak looks even sicker.
The yak is severely wounded.
The yak gores you!
* * * LOW HITPOINT WARNING * * *
a - a +0 flail (weapon)
The yak gores you.
You die...

....# #.########.##### #.#.##.#
.##.# #..............###.#...(#
.##.#####........................
.##..............................
.#########.......................
.# #....................... .#
#########.####.......... ##
#####.#..'.......... ##
#.Y@#.#.##.......... .###
###.#.#.##.......... ...##
#.#.#.#.##.......... ....##
#.#.#.#.##.......... #....##
#.#.#............... ###...##
#.#.#####.###....... ##...###
#.#.#.....# #.###### ##....###
#.#.#.##..###.#
##.....###.#.#.#.....#.#


You could see a yak.

Vanquished Creatures
  An ice beast (D:5)
  An ogre (D:5)
  A crimson imp (D:6)
  A hound (D:5)
  3 orc wizards
  A worker ant (D:5)
  Robin (D:2)
  3 adders
  A shadow imp (D:5)
  2 oozes (D:2)
  2 worms
  3 giant geckos
  4 orcs
  5 giant cockroaches
  13 goblins
  5 hobgoblins
  4 jackals (D:2)
  7 bats
  A giant newt (D:3)
  2 kobolds
  14 rats
75 creatures vanquished.

Notes
Turn   | Place    | Note
--------------------------------------------------------------
     0 | D:1      | tof the Hill Orc Fighter began the quest for the Orb.
     0 | D:1      | Reached XP level 1. HP: 19/19 MP: 1/1
   142 | D:1      | Reached XP level 2. HP: 27/27 MP: 2/2
   919 | D:2      | Reached XP level 3. HP: 29/33 MP: 3/3
   921 | D:2      | Reached skill level 4 in Fighting
  1265 | D:2      | Noticed Robin
  1277 | D:2      | Killed Robin
  1277 | D:2      | Reached skill level 1 in Dodging
  1277 | D:2      | Reached XP level 4. HP: 29/40 MP: 4/4
  2073 | D:3      | Noticed yogakurto's ghost (amateur MiAK)
  2122 | D:4      | Reached XP level 5. HP: 46/46 MP: 5/5
  2169 | D:4      | Noticed tof's ghost (novice OpAs)
  2177 | D:5      | Entered Level 5 of the Dungeon
  2211 | D:5      | Noticed an ice beast
  2227 | D:5      | Killed an ice beast
  2227 | D:5      | Reached skill level 5 in Shields
  2227 | D:5      | Reached XP level 6. HP: 29/53 MP: 6/6
  2369 | D:5      | Found a staircase to the Ecumenical Temple.
  2379 | Temple   | Entered the Ecumenical Temple
  2767 | D:5      | Found a white marble altar of Elyvilon.
  2975 | D:5      | Found Ivywejuh's Antique Weapon Boutique.
  3280 | D:5      | Found a shadowy altar of Dithmenos.
  3286 | D:5      | Reached skill level 1 in Throwing
  3370 | D:5      | Became a worshipper of Beogh the Brigand
  3371 | D:5      | Reached XP level 7. HP: 60/60 MP: 7/7
  3649 | D:6      | Noticed a yak
  3649 | D:6      | Noticed a yak
  3649 | D:6      | Noticed a yak
  3649 | D:6      | Noticed a yak
  3649 | D:6      | Noticed a yak
  3649 | D:6      | Noticed a yak
  3677 | D:5      | HP: 3/60 [yak (13)]
  3678 | D:5      | Slain by a yak

Vault maps used:
D:1:      roderic_crossed_star, serial_bayou_pond_c
D:2:      first_bread, uniq_robin
D:3:      gammafunk_temple_overflow_elements, johnstein_pakellas_dig
D:5:      nicolae_overflow_crystal_walls, minmay_temple_entry_glass,
          serial_shops, shop, serial_curves, eino_curves_01, eino_curves_03,
          grunt_dithmenos_shadows
D:6:      uniq_edmund
Temple:   circular_temple_12

Action                   |  1- 3 |  4- 6 |  7- 9 || total
-------------------------+-------+-------+-------++-------
Melee: Flail             |   143 |   136 |    16 ||   295
 Fire: Blowgun           |       |    10 |     6 ||    16
Invok: Convert to Beogh  |       |     1 |       ||     1
  Use: Scroll            |       |     3 |       ||     3
  Eat: Chunk             |     1 |     7 |       ||     8
